 Dungeon Crawl Stone Soup version 0.19.1 (webtiles) character file.

32 NoWolfie the Sneak (level 3, -1/28 HPs)
             Began as a Human Wanderer on Nov 27, 2016.
             Slain by a gnoll
             ... wielding a +0 flail
              (10 damage)
             ... on level 2 of the Dungeon.
             The game lasted 00:20:17 (1413 turns).

NoWolfie the Sneak (Human Wanderer)                 Turns: 1413, Time: 00:20:18

Health: -1/28      AC: 12    Str: 10    XL:     3   Next: 45%
Magic:  6/6        EV:  1    Int: 11    God:
Gold:   48         SH:  0    Dex: 16    Spells: 0 memorised, 6 levels left

rFire  . . .     SeeInvis .     i - +0 club
rCold  . . .     Gourm    .     l - +0 plate armour
rNeg   . . .     Faith    .     (no shield)
rPois  .         Spirit   .     w - +0 helmet
rElec  .         Reflect  .     (no cloak)
rCorr  .         Harm     .     (no gloves)
MR     .....                    t - +0 pair of boots
Stlth  ..........               (no amulet)
                                (no ring)
                                (no ring)

@: no status effects
A: no striking features
a: no special abilities


You were on level 2 of the Dungeon.
You were not hungry.

You visited 1 branch of the dungeon, and saw 2 of its levels.

You collected 48 gold pieces.

Inventory:

Hand Weapons
 b - a +2 blowgun
 i - a +0 club (weapon)
Missiles
 a - a curare-tipped needle
 k - 26 arrows
 m - 8 stones (quivered)
 q - 14 bolts
Armour
 e - a +0 robe
 l - a +0 plate armour (worn)
 t - a +0 pair of boots (worn)
 w - a +0 helmet (worn)
Scrolls
 h - a scroll of enchant armour {unknown}
 j - a scroll of amnesia {unknown}
 s - a scroll of random uselessness {unknown}
 v - a scroll of identify
Potions
 d - a potion of curing
 g - a potion of brilliance {unknown}
 o - a potion of berserk rage {unknown}
 p - a potion of cancellation
 u - a potion of mutation {unknown}
Books
 c - the Collected Works on the Glacier

   Spells                             Type                      Level
   a - Freeze                         Ice                          1
   b - Ozocubu's Armour               Charms/Ice                   3
Comestibles
 f - a bread ration
 n - 2 fruits
 r - a meat ration


   Skills:
 * Level 2.3 Fighting
   Level 2.0 Polearms
 - Level 2.3 Throwing
 * Level 2.6 Stealth
 - Level 2.0 Spellcasting
   Level 1.0 Transmutations


You had 6 spell levels left.
You didn't know any spells.

Dungeon Overview and Level Annotations

Branches:
Dungeon (2/15)

Altars:


Message History

Your plate armour prevents you from hitting the gnoll.
The gnoll hits you but does no damage.
Your plate armour prevents you from hitting the gnoll.
The gnoll hits you but does no damage.
You barely miss the gnoll. The gnoll hits you but does no damage.
Your plate armour prevents you from hitting the gnoll.
The gnoll hits you but does no damage. x2
You closely miss the gnoll. The gnoll hits you with a flail.
The gnoll hits you but does no damage.
You closely miss the gnoll.
The gnoll hits you but does no damage. x2
You barely miss the gnoll.
The gnoll hits you but does no damage. x2
Your plate armour prevents you from hitting the gnoll.
The gnoll hits you but does no damage. The gnoll hits you with a flail!
Your plate armour prevents you from hitting the gnoll.
The gnoll hits you but does no damage. x2
You hit the gnoll.
The gnoll is moderately wounded.
The gnoll completely misses you. The gnoll hits you with a flail.
You hit the gnoll but do no damage. The gnoll hits you with a flail!
You die...

#..........(....#
#......###....###
##...........##
..........##..#
...........##..##
...........##.†.###
...........##.#...#
...........##..g#g##
................@..#
.................#.....#
.........#.......# #.###
..<......#.......# ...
.###.....#.......# ##
#######.......#
#.......# #.......#
#.......#


You could see 2 gnolls.

Vanquished Creatures
  A leopard gecko (D:1)
  6 giant cockroaches
  A goblin (D:1)
  4 hobgoblins (D:1)
  A jackal (D:2)
  A ball python (D:1)
  7 bats (D:1)
  3 frilled lizards (D:1)
  2 kobolds
  4 rats (D:1)
30 creatures vanquished.

Notes
Turn   | Place    | Note
-------+----------+-------------------------------------------
     0 | D:1      | NoWolfie the Human Wanderer began the quest for the Orb.
     0 | D:1      | NoWolfie set off with: 3 curare-tipped needles, a +2 blowgun, the Collected Works on the Glacier, a potion of curing, a +0 robe, a bread ration
     0 | D:1      | Reached XP level 1. HP: 16/16 MP: 3/3
     0 | D:1      | Identified the Collected Works on the Glacier
   174 | D:1      | Reached XP level 2. HP: 22/22 MP: 5/5
   892 | D:1      | Reached XP level 3. HP: 13/27 MP: 6/6
  1413 | D:2      | Slain by a gnoll

Skill      XL: |  1  2 |
---------------+-------+-----
Stealth        | 2 |  2.6
Fighting       | |  2.3
Polearms       | |  2.0
Throwing       | |  2.3
Spellcasting   | |  2.0
Transmutations | |  1.0

Action                   || total
-------------------------++-------
Melee: Club              ||   164
 Fire: Blowgun           ||    12
Throw: Stone             ||    55
  Use: Scroll            ||     1
  Eat: Fruit             ||     2
Armor: Plate armour      ||   268
       Robe              ||    10
Dodge: Dodged            ||    45
